 Dungeon Crawl Stone Soup version 0.15.0-16-gce31824 (webtiles) character file.

35797 Kex the Nimble (level 13, 0/117 HPs)
             Began as a Troll Monk on Sept 6, 2014.
             Was a Plaything of Xom.
             Slain by a 13-headed hydra (9 damage)
             ... on Level 6 of the Lair of Beasts.
             The game lasted 02:03:47 (16159 turns).

Kex the Nimble (Troll Monk)                        Turns: 16159, Time: 02:03:47

HP   0/117       AC 15     Str 22      XL: 13   Next: 49%
MP   5/5         EV 18     Int  6      God: Xom
Gold 1067        SH  0     Dex 16      Spells:  2 memorised,  6 levels left

rFire  . . .     SeeInvis .       - Unarmed
rCold  + + .     Clarity  +     H - +2 robe {rC+}
rNeg   . . .     rCorr    .     (shield restricted)
rPois  .         rRot     .     (helmet restricted)
rElec  .         Spirit   .     (no cloak)
SustAb .         Warding  .     (gloves unavailable)
rMut   .         Stasis   .     (boots unavailable)
Gourm  +                        R - amulet of clarity
MR     .....                    u - ring of regeneration
                                A - ring of Robustness {AC+8}

@: not resistant to hostile enchantments, unstealthy
A: unfitting armour, claws 3, cold resistance 1, fast metabolism 3, frail 1,
gourmand, regeneration 2, saprovore 2, shaggy fur 1, tough skin 2
a: Renounce Religion


You were on level 6 of the Lair of Beasts.
You worshipped Xom.
You were a plaything of Xom.
You were very full.

You visited 4 branches of the dungeon, and saw 19 of its levels.

You collected 1067 gold pieces.

Inventory:

Armour
 H - a +2 robe of cold resistance (worn)
Magical devices
 a - a wand of enslavement (15)
 i - a wand of hasting (4) {unknown}
 r - a wand of teleportation (1)
 w - a wand of fire (2)
 B - a wand of invisibility (5)
 D - a wand of slowing (11)
 G - a wand of disintegration (19)
 I - a wand of draining (4)
 K - a wand of disintegration (15)
 L - a wand of disintegration (10)
 O - a wand of draining (5)
 S - a wand of lightning (6)
 W - a wand of draining (5)
Comestibles
 b - 6 meat rations
 g - 6 beef jerkies
 h - 11 fruits
 p - 12 bread rations
 z - 3 royal jellies
 P - 10 slices of pizza
 X - a rotting chunk of blink frog flesh
Scrolls
 d - 2 scrolls of enchant armour
 f - 2 scrolls of fear
 k - 2 scrolls of teleportation
 o - 4 scrolls of identify
 q - 5 scrolls of amnesia
 y - 9 scrolls of remove curse
Jewellery
 u - a ring of regeneration (right claw)
 A - the ring of Robustness (left claw) {AC+8}
   (You found it on level 4 of the Dungeon)

   [ring of protection]

   It affects your AC (+8).
 J - an uncursed amulet of warding
 R - an amulet of clarity (around neck)
Potions
 c - 3 potions of restore abilities
 e - 3 potions of brilliance
 j - a potion of berserk rage {unknown}
 l - a potion of mutation {unknown}
 m - a potion of magic {unknown}
 n - 2 potions of confusion {unknown}
 t - 3 potions of might
 v - 7 potions of curing
 x - 2 potions of flight {unknown}
 M - a potion of resistance {unknown}
 V - 2 potions of agility
Books
 C - a book of Changes

   Spells                             Type                      Level
   *Beastly Appendage                 Transmutation                1
   Sticks to Snakes                   Transmutation                2
   Spider Form                        Transmutation/Poison         3
   Ice Form                           Ice/Transmutation            4
   *Blade Hands                       Transmutation                5
 Q - a Grand Grimoire {highlevel, unknown}

   This book is beyond your current level of understanding.

   Spells                             Type                      Level
   Aura of Abjuration                 Summoning                    6
   Forceful Dismissal                 Summoning                    6
   Summon Greater Demon               Summoning                    7
   Malign Gateway                     Summoning/Translocation      7
   Summon Horrible Things             Summoning                    8
Miscellaneous
 T - a phial of floods
 U - a lantern of shadows


   Skills:
 + Level 9.5 Fighting
 * Level 12.6 Dodging
 - Level 1.1 Stealth
 + Level 11.3 Unarmed Combat
 + Level 7.8 Transmutations


You had 6 spell levels left.
You knew the following spells:

 Your Spells              Type           Power        Failure   Level  Hunger
a - Beastly Appendage     Trmt           #.....       1%          1    ##.....
b - Blade Hands           Trmt           #.........   67%         5    ######.


Dungeon Overview and Level Annotations

Branches:
Dungeon (10/15)            Temple (1/1) D:7             Orc (0/4) D:9
   Lair (7/8) D:10          Swamp (0/5) Lair:3       Spider (1/5) Lair:3
  Slime: Lair:6-8

Altars:
Ashenzari
Dithmenos
Elyvilon
Fedhas
Kikubaaqudgha
Nemelex Xobeh
Qazlal
Sif Muna
Vehumet
Xom
Yredelemnul
Zin
The Shining One

Shops:
D:6 *

Annotations:
D:10 exclusion: oklob sapling


Innate Abilities, Weirdness & Mutations

You are too large for most types of armour.
You have claws for hands.
Your metabolism is lightning-fast.
You like to eat raw meat.
You heal very quickly.
You can eat rotten meat.
You are covered in fur (AC +1).
You have very tough skin (AC +2).
Your flesh is cold resistant.
You are frail (-10% HP).


Message History

Confirm with . or Enter, or press ? or * to list all spells.
Okay, then.
Press: ? - help, v - describe, . - travel
Here: a 13-headed hydra (almost dead, bleeding)
A stone staircase leading down.
Read which item? (? for menu, Esc to quit)
Okay, then.
Drink which item? (? for menu, Esc to quit)
You feel much better. The 13-headed hydra bites you!
* * * LOW HITPOINT WARNING * * *
The 13-headed hydra completely misses you.
The 13-headed hydra bites you but does no damage.
The 13-headed hydra bites you.
* * * LOW HITPOINT WARNING * * *
The 13-headed hydra bites you but does no damage. x2
The 13-headed hydra bites you!
* * * LOW HITPOINT WARNING * * *
The 13-headed hydra closely misses you. The 13-headed hydra misses you.
The 13-headed hydra barely misses you. The 13-headed hydra bites you!
You die...

.#..####P....[...#.....(........#
....#.##........#................
.....##.........#.P.............#
##...............#.........P##...
#...#................#...#.####..
##....................##P##.#..%/
#................P..######..##..
##P..................###.P.%.%...
#PPP............@....#.#.........
#P...............D..#............
##..................#............
#..........(.....................
#...................#............
...................##............
....................#........<...
..................##.............
.P...............####............


You could see a 13-headed hydra (bleeding).

Vanquished Creatures
  Maud (Lair:4)
  Fannar (Lair:3)
  A hydra (Lair:3)
  A catoblepas (Lair:3)
  4 death yaks
  A manticore (D:8)
  12 elephants
  5 black mambas
  Joseph (Lair:1)
  10 spiny frogs
  8 komodo dragons
  2 polar bears (Lair:7)
  7 blink frogs
  2 basilisks
  A trapdoor spider (Spider:1)
  A wraith (D:10)
  2 redbacks (Spider:1)
  2 wyverns
  35 yaks
  Eustachio (D:6)
  The ghost of MDvedh the Chopper, an average MiDK of Yredelemnul (D:4)
  2 wargs (D:9)
  A hungry ghost (D:8)
  A human (D:7)
  4 hippogriffs
  2 orc warriors (D:9)
  10 spiders
  8 porcupines
  3 ice beasts
  13 water moccasins
  3 ogres
  8 crocodiles
  2 big kobolds
  A centaur (D:9)
  17 giant frogs
  2 gnoll sergeants
  An electric eel (Lair:7)
  5 crimson imps
  11 killer bees
  2 goliath beetles
  7 hounds
  A gnoll shaman (D:5)
  A giant frog skeleton (D:6)
  2 orc priests
  2 quasits
  12 orc wizards
  5 iguanas
  8 orange rats (Lair:3)
  13 sheep
  5 worker ants
  A sky beast zombie (D:5)
  A big kobold zombie (D:9)
  A mummy (D:9)
  A worker ant zombie (D:10)
  22 adders
  18 gnolls
  50 green rats
  A shadow imp (D:6)
  A giant mite (D:6)
  A worm (D:2)
  An inept item mimic (D:5)
  An orc skeleton (D:8)
  4 giant geckos
  22 orcs
  7 ball pythons
  14 bats
  7 giant cockroaches
  10 hobgoblins
  13 quokkas
  A giant gecko skeleton (D:6)
  4 giant newts
  A giant spore (D:9)
  5 goblins
  A hobgoblin skeleton (D:7)
  13 jackals
  29 kobolds
  A kobold skeleton (D:4)
  2 orc zombies
  24 rats
  2 rat skeletons
  A ballistomycete (D:9)
  6 fungi
  4 plants
521 creatures vanquished.

Vanquished Creatures (collateral kills)
  A hydra (Lair:4)
  A redback (Spider:1)
  An iguana (Lair:5)
  An adder (Lair:2)
  A quokka (Lair:6)
5 creatures vanquished.

Vanquished Creatures (others)
  The ghost of Gravenous the Spear-Bearer, a powerful TeBe of Trog (Lair:5)
  2 quasits (Lair:7)
  A sheep (Lair:5)
  An ufetubus (Lair:4)
  8 fungi
  A plant (Lair:7)
14 creatures vanquished.

Grand Total: 540 creatures vanquished

Notes
Turn   | Place    | Note
--------------------------------------------------------------
     0 | D:1      | Kex, the Troll Monk, began the quest for the Orb.
     0 | D:1      | Reached XP level 1. HP: 22/22 MP: 1/1
   389 | D:1      | Reached XP level 2. HP: 29/29 MP: 1/1
  1204 | D:2      | Reached XP level 3. HP: 36/36 MP: 2/2
  1355 | D:2      | Found a white marble altar of Elyvilon.
  2391 | D:4      | Reached XP level 4. HP: 45/45 MP: 2/2
  2582 | D:4      | Found a sparkling altar of Nemelex Xobeh.
  2607 | D:4      | Reached XP level 5. HP: 45/53 MP: 2/2
  2685 | D:4      | Reached skill level 5 in Unarmed Combat
  2784 | D:4      | Noticed an ogre
  2796 | D:4      | Killed an ogre
  2796 | D:4      | Reached XP level 6. HP: 11/62 MP: 3/3
  3135 | D:4      | Noticed MDvedh's ghost (average MiDK)
  3139 | D:4      | Killed MDvedh's ghost
  3232 | D:5      | Entered Level 5 of the Dungeon
  3262 | D:5      | Reached XP level 7. HP: 67/70 MP: 3/3
  3338 | D:5      | Reached skill level 5 in Dodging
  3807 | D:5      | Learned a level 1 spell: Beastly Appendage
  4555 | D:6      | Reached skill level 6 in Unarmed Combat
  4604 | D:6      | Reached skill level 1 in Transmutations
  4774 | D:6      | Noticed Eustachio
  4785 | D:6      | Killed Eustachio
  4785 | D:6      | Reached XP level 8. HP: 63/79 MP: 2/3
  5297 | D:6      | Found Elogu's Serpentskin Sales.
  5502 | D:6      | Reached skill level 5 in Fighting
  5588 | D:6      | Learned a level 5 spell: Blade Hands
  5738 | D:7      | Found a basalt altar of Yredelemnul.
  5738 | D:7      | Found a shattered altar of Ashenzari.
  5739 | D:7      | Found a stormy altar of Qazlal.
  5749 | D:7      | Found a deep blue altar of Sif Muna.
  5762 | D:7      | Found a blossoming altar of Fedhas.
  5788 | D:7      | Found a staircase to the Ecumenical Temple.
  5802 | Temple   | Entered the Ecumenical Temple
  5814 | Temple   | Became a worshipper of Xom of Chaos
  5958 | D:7      | Reached skill level 7 in Dodging
  5958 | D:7      | Reached XP level 9. HP: 63/88 MP: 2/4
  6028 | D:7      | XOM: harmless Erth miscast
  6223 | D:7      | Found a radiant altar of Vehumet.
  6300 | D:7      | XOM: divination: detect creatures
  6416 | D:7      | Found a stormy altar of Qazlal.
  6554 | D:8      | XOM: medium Tloc miscast
  6754 | D:8      | XOM: summons 2 friendly demons
  6834 | D:8      | Got a blackened flail
  6837 | D:8      | Identified the cursed +3 flail of Starshine {freeze, Contam rC+ Str+4 Stlth++} (You found it on level 8 of the Dungeon)
  6894 | D:8      | Gained mutation: You are frail (-10% HP). [mutagenic glow]
  7090 | D:8      | XOM: confuse monster(s)
  7153 | D:8      | Noticed a manticore
  7159 | D:8      | Killed a manticore
  7159 | D:8      | Reached skill level 8 in Dodging
  7385 | D:9      | Reached XP level 10. HP: 88/88 MP: 4/4
  7429 | D:9      | XOM: divination: magic mapping
  7430 | D:9      | XOM: confuse monster(s)
  7586 | D:9      | XOM: confuse monster(s)
  7588 | D:9      | XOM: potion effect (might)
  7593 | D:9      | XOM: enchant monster (good)
  7606 | D:9      | Found a basalt altar of Yredelemnul.
  7752 | D:9      | XOM: swap monsters
  7852 | D:9      | XOM: potion effect (agility)
  7899 | D:9      | Found a staircase to the Orcish Mines.
  7999 | D:9      | Found a glowing golden altar of the Shining One.
  8004 | D:9      | XOM: enchant monster (good)
  8010 | D:9      | Reached skill level 9 in Dodging
  8087 | D:9      | XOM: confuse monster(s)
  8092 | D:9      | XOM: confuse monster(s)
  8452 | D:9      | XOM: god gift: scroll of amnesia
  8463 | D:9      | XOM: colour smoke trail
  8534 | D:10     | Entered Level 10 of the Dungeon
  8545 | D:10     | XOM: harmless Conj miscast
  8662 | D:10     | Found a staircase to the Lair.
  8679 | D:10     | XOM: mild Conj miscast
  8706 | D:10     | XOM: summons friendly crimson imp
  8859 | D:10     | XOM: confusion (+ monsters)
  8861 | D:10     | XOM: 7-stop teleportation journey
  9043 | D:10     | Found a flagged portal.
  9438 | D:10     | XOM: mild Trmt miscast
  9520 | Lair:1   | Entered Level 1 of the Lair of Beasts
  9553 | Lair:1   | XOM: harmless Tloc miscast
  9744 | Lair:1   | XOM: harmless Chrm miscast
  9855 | Lair:1   | XOM: mild Hex miscast
  9888 | Lair:1   | XOM: mild Pois miscast
  9993 | Lair:1   | Noticed Joseph
 10007 | Lair:1   | Killed Joseph
 10007 | Lair:1   | Reached skill level 5 in Transmutations
 10032 | Lair:1   | XOM: draining
 10296 | Lair:2   | XOM: confuse monster(s)
 10309 | Lair:2   | XOM: noise
 10327 | Lair:2   | Reached XP level 11. HP: 80/98 MP: 2/4
 10542 | Lair:2   | Noticed a black mamba
 10547 | Lair:2   | Killed a black mamba
 10977 | Lair:2   | XOM: mild Divn miscast
 11086 | Lair:2   | XOM: colour smoke trail
 11194 | Lair:3   | XOM: swap monsters
 11201 | Lair:3   | Noticed Fannar
 11340 | Lair:3   | Found a staircase to the Swamp.
 11377 | Lair:3   | Reached skill level 10 in Dodging
 11426 | Lair:3   | Noticed a catoblepas
 11446 | Lair:3   | Found a hole to the Spider Nest.
 11446 | Lair:3   | XOM: 1-stop teleportation journey
 11463 | Lair:3   | XOM: cast spell 'Olgreb's Toxic Radiance'
 11515 | Lair:3   | XOM: divination: detect items
 11522 | Lair:3   | Killed Fannar
 11545 | Lair:3   | Noticed a five-headed hydra
 11558 | Lair:3   | Killed a 11-headed hydra
 11801 | Lair:3   | XOM: harmless Chrm miscast
 11844 | Spider:1 | Entered Level 1 of the Spider Nest
 11847 | Spider:1 | XOM: confuse monster(s)
 11858 | Spider:1 | XOM: confuse monster(s)
 11871 | Spider:1 | XOM: confuse monster(s)
 11931 | Lair:3   | XOM: mild Hex miscast
 12092 | Lair:3   | Killed a catoblepas
 12146 | Lair:3   | XOM is BORED!
 12146 | Lair:3   | XOM: give mutation
 12146 | Lair:3   | Lost mutation: You are frail (-10% HP). [Xom's mischief]
 12261 | Lair:3   | XOM: summons 11 friendly demons
 12263 | Lair:3   | Reached XP level 12. HP: 105/119 MP: 3/5
 12460 | Lair:4   | XOM: confuse monster(s)
 12476 | Lair:4   | XOM: enchant monster (good)
 12491 | Lair:4   | Reached skill level 10 in Unarmed Combat
 12495 | Lair:4   | Reached skill level 11 in Dodging
 12496 | Lair:4   | XOM: summons friendly ufetubus
 12585 | Lair:4   | XOM: potion effect (curing)
 12697 | Lair:4   | Noticed a four-headed hydra
 12703 | Lair:4   | Killed a seven-headed hydra
 12733 | Lair:4   | XOM: colour smoke trail
 12750 | Lair:4   | XOM: potion effect (agility)
 12824 | Lair:4   | XOM: 2-stop teleportation journey
 12826 | Lair:4   | Noticed Maud
 12829 | Lair:4   | XOM: medium Necr miscast
 12838 | Lair:4   | Killed Maud
 13543 | Lair:5   | XOM: 1-stop teleportation journey
 13814 | Lair:5   | XOM: summons 6 friendly demons
 13926 | Lair:5   | Noticed Gravenous' ghost (powerful TeBe)
 13935 | Lair:5   | Killed Gravenous' ghost
 13935 | Lair:5   | XOM: divine lightning
 14066 | Lair:5   | XOM: noise
 14073 | Lair:5   | XOM: swap monsters
 14254 | Lair:6   | Reached skill level 12 in Dodging
 14257 | Lair:6   | XOM: noise
 14267 | Lair:6   | XOM: noise
 14338 | Lair:6   | XOM: summons friendly crimson imp
 14546 | Lair:6   | Reached XP level 13. HP: 131/131 MP: 2/5
 14957 | Lair:6   | XOM: 5-stop teleportation journey
 15018 | Lair:6   | XOM: give mutations
 15018 | Lair:6   | Gained mutation: You are frail (-10% HP). [Xom's mischief]
 15018 | Lair:6   | Gained mutation: Your flesh is cold resistant. [Xom's mischief]
 15149 | Lair:6   | XOM: noise
 15161 | Lair:6   | XOM: mild Tloc miscast
 15302 | Lair:7   | XOM: repel stairs
 15399 | Lair:7   | XOM: mild Summ miscast
 15443 | Lair:7   | XOM: mild Tloc miscast
 15580 | Lair:7   | XOM: enchant monster (bad)
 15598 | Lair:7   | XOM: draining
 15661 | Lair:7   | XOM: 1-stop teleportation journey
 15864 | Lair:7   | XOM: enchant monster (bad)
 15939 | Lair:7   | XOM: summons 4 hostile shadow creatures
 15947 | Lair:7   | XOM: 3-stop teleportation journey
 15997 | Lair:7   | XOM: summons friendly quasit
 16008 | Lair:7   | XOM: blink monster(s)
 16014 | Lair:7   | XOM: mild Hex miscast
 16017 | Lair:7   | XOM: blink monster(s)
 16020 | Lair:7   | XOM: summons friendly quasit
 16031 | Lair:7   | XOM: divination: magic mapping
 16033 | Lair:7   | XOM: potion effect (brilliance)
 16034 | Lair:7   | XOM: harmless Hex miscast
 16044 | Lair:7   | XOM: silly message
 16052 | Lair:7   | XOM: enchant monster (bad)
 16142 | Lair:7   | XOM: mild Erth miscast
 16144 | Lair:7   | XOM: confuse monster(s)
 16159 | Lair:6   | Slain by a 13-headed hydra

Action                   |  1- 3 |  4- 6 |  7- 9 | 10-12 | 13-15 || total
-------------------------+-------+-------+-------+-------+-------++-------
Melee: Unarmed           |   127 |    73 |   390 |   863 |   256 ||  1709
 Cast: Beastly Appendage |       |       |    24 |    94 |    22 ||   140
Evoke: Wand              |       |       |     5 |     7 |     6 ||    18
  Use: Scroll            |     7 |     1 |    17 |    13 |     4 ||    42
       Potion            |       |     1 |       |     6 |     3 ||    10
 Stab: Sleeping          |       |       |     1 |     2 |     3 ||     6
       Confused          |       |       |       |     3 |       ||     3
       Distracted        |       |       |       |     1 |       ||     1
  Eat: Chunk             |    18 |    11 |    45 |    75 |    19 ||   168
